AoeStats
← _gambit

Arabia

504684177Analyzed
4v4 RM · 25d ago on Sep 6, 2026· 56m 10s· 8 players
Game mode
Random Map
Map size
Large (8 player)
Population
200
Speed
Normal
Resources
Standard
Victory
Conquest
Starting age
Dark Age
Ending age
Imperial Age
RankedLock teamsTeams togetherTeam positionsShared explorationLock speedFull tech treeHidden civsTurbo modeCheats
Victory
Defeat
🇲🇴 Persians · Macao SAR China
1342
+11
🇨🇳 Franks · China
1285
+13
🇲🇽 Khmer · Mexico
1278
+14
🇨🇳 Ethiopians · China
1275
+14
🇺🇸 Khmer · United States
1239
-13
🇮🇳 Vietnamese · India
1238
-13
🇮🇳 Dravidians · India
1228
-13
🇮🇳 Portuguese · India
1217
-13
jimmy211211
5:32 Loom
9:02 Feudal Age
13:15 Horse Collar
16:44 Forging
17:26 Scale Barding Armor
22:30 Castle Age
21:16 Bloodlines
25:09 Gold Mining
25:13 Double-Bit Axe
25:29 Heavy Plow
26:54 Gold Shaft Mining
27:20 Husbandry
32:53 Iron Casting
32:38 Chain Barding Armor
33:03 Chain Barding Armor
33:58 Wheelbarrow
35:37 Hand Cart
42:15 Imperial Age
40:57 Light Cavalry
42:02 Bow Saw
42:12 Cavalier
43:56 Stone Mining
43:39 Savar
44:57 Hussar
46:05 Town Watch
48:33 Stone Shaft Mining
49:32 Blast Furnace
49:07 Plate Barding Armor
52:59 Crop Rotation
53:03 Citadels
54:44 Two-Man Saw
纯属意外666
6:37 Loom
8:58 Feudal Age
11:52 Double-Bit Axe
15:58 Forging
16:16 Scale Barding Armor
22:58 Castle Age
21:07 Gold Mining
23:02 Light Cavalry
24:04 Chain Barding Armor
25:12 Iron Casting
25:29 Gold Shaft Mining
25:44 Bow Saw
30:38 Wheelbarrow
33:36 Hand Cart
38:02 Stone Mining
42:58 Imperial Age
43:07 Imperial Age
41:04 Husbandry
43:31 Scale Mail Armor
43:53 #83
43:27 Fletching
43:37 Padded Archer Armor
44:48 Bodkin Arrow
45:29 Plate Barding Armor
45:58 Blast Furnace
44:46 Cavalier
46:31 Conscription
46:18 Padded Archer Armor
47:00 Plate Barding Armor
49:53 Bodkin Arrow
51:58 Paladin
52:51 Town Watch
54:10 Chemistry
53:30 Ballistics
53:06 Murder Holes
53:18 Capped Ram
55:12 Heavy Scorpion
55:54 Padded Archer Armor
56:11 Chain Mail Armor
55:45 Arrowslits
56:10 Fortified Wall
56:11 Masonry
56:07 Siege Engineers
56:09 Elite Throwing Axeman
搞就完了
0:29 Loom
13:50 Feudal Age
15:45 Double-Bit Axe
15:56 Fletching
16:06 Padded Archer Armor
21:18 Horse Collar
29:48 Castle Age
30:29 Gold Mining
30:30 Stone Mining
30:26 Crossbowman
36:56 Bodkin Arrow
38:11 Wheelbarrow
42:17 Gold Shaft Mining
45:31 Imperial Age
45:09 Bow Saw
44:45 Elite Skirmisher
45:57 Ballistics
47:34 Bracer
51:23 Hand Cart
52:26 Stone Shaft Mining
52:53 Arbalester
55:29 Chemistry
56:08 Thumb Ring
57:00 Leather Archer Armor
Sonaron Disparos
6:23 Loom
8:43 Feudal Age
9:30 Double-Bit Axe
13:51 Fletching
16:09 Gold Mining
18:26 Padded Archer Armor
23:22 Castle Age
21:18 Horse Collar
22:44 Stone Mining
23:32 Crossbowman
24:08 Bodkin Arrow
25:07 Bow Saw
29:48 Forging
31:39 Scale Barding Armor
32:42 Iron Casting
32:37 Ballistics
34:10 Gold Shaft Mining
36:23 Leather Archer Armor
39:06 Imperial Age
37:28 Chain Barding Armor
38:47 Devotion
39:54 Bloodlines
40:28 Double Crossbow
40:50 Conscription
40:51 Husbandry
41:30 Elite Ballista Elephant
42:52 Wheelbarrow
44:44 Blast Furnace
45:20 Chemistry
48:34 Pikeman
50:36 Hand Cart
50:07 Town Watch
50:43 Siege Engineers
51:52 Town Patrol
PuneMahaWarrior
9:05 Feudal Age
7:54 Loom
10:43 Double-Bit Axe
10:40 Horse Collar
15:08 Scale Barding Armor
17:10 Wheelbarrow
18:01 Forging
21:03 Castle Age
19:33 Bloodlines
22:07 Chain Barding Armor
23:10 Husbandry
24:30 Gold Mining
28:45 Iron Casting
28:32 Bow Saw
35:45 Fletching
41:56 Stone Mining
45:36 Hand Cart
47:58 Imperial Age
45:14 Light Cavalry
50:39 Conscription
Red_X
6:56 Loom
9:33 Feudal Age
10:21 Double-Bit Axe
12:49 Horse Collar
19:56 Castle Age
19:07 Scale Barding Armor
19:13 Bloodlines
19:20 Gold Mining
21:14 Forging
21:22 Husbandry
21:27 Heavy Plow
25:35 Chain Barding Armor
26:39 Bow Saw
30:09 Stone Mining
34:10 Wheelbarrow
33:20 Town Watch
34:10 Light Cavalry
35:29 Iron Casting
36:00 Hand Cart
35:26 Pikeman
36:07 Squires
43:26 Imperial Age
43:14 Fletching
43:25 Scale Mail Armor
44:36 Paper Money
43:37 Elite Rattan Archer
43:53 Cavalier
45:22 Plate Barding Armor
45:40 Halberdier
47:13 Crop Rotation
54:19 Two-Man Saw
55:11 Chain Mail Armor
54:53 Bodkin Arrow
56:35 Plate Mail Armor
_gambit
7:28 Loom
9:46 Feudal Age
10:51 Double-Bit Axe
13:17 Fletching
17:36 Padded Archer Armor
22:55 Castle Age
21:35 Gold Mining
24:23 Bodkin Arrow
24:35 Crossbowman
25:46 Thumb Ring
26:15 Bow Saw
28:43 Ballistics
30:49 Wheelbarrow
30:00 Town Watch
30:07 Horse Collar
32:40 Leather Archer Armor
35:13 Pikeman
35:54 Squires
35:57 Scale Mail Armor
36:08 Forging
41:45 Imperial Age
39:19 Gambesons
39:20 Arson
40:17 Hand Cart
40:04 Town Patrol
40:35 Chain Mail Armor
41:24 Iron Casting
42:56 Plate Mail Armor
43:16 Halberdier
51:19 Elite Skirmisher
BlackArrow
6:20 Loom
8:48 Feudal Age
13:29 Fletching
23:09 Castle Age
23:25 Padded Archer Armor
23:12 Crossbowman
23:52 Bodkin Arrow
33:05 Pikeman
34:43 Ballistics
46:56 Imperial Age
47:28 Arbalester
Connection lost

Rejoining the realm…

Still unreachable

The connection could not be restored.

Session expired

The server has moved on; the page needs a fresh start.